 Dungeon Crawl Stone Soup version 0.20.1-1-g8b1a95d (webtiles) character file.

158 Andry07 the Skirmisher (level 5, -2/37 HPs)
             Began as a Gargoyle Fighter on Oct 4, 2017.
             Slain by Menkaure (5 damage)
             ... on level 4 of the Dungeon on Oct 5, 2017.
             The game lasted 00:05:45 (2015 turns).

Andry07 the Skirmisher (Gargoyle Fighter)           Turns: 2015, Time: 00:05:46

Health: -2/37      AC: 13    Str: 21    XL:     5   Next: 40%
Magic:  5/5        EV:  7    Int:  8    God:
Gold:   183        SH:  9    Dex:  9    Spells: 4/4 levels left

rFire    . . .     SeeInvis .   a - +0 flail
rCold    . . .     Gourm    .   c - +0 shield
rNeg     + . .     Faith    .   b - +0 scale mail
rPois    ∞         Spirit   .   u - +0 helmet
rElec    +         Reflect  .   (no cloak)
rCorr    .         Harm     .   (no gloves)
MR       .....                  o - +0 pair of boots
Stlth    ..........             (no amulet)
Regen    0.2/turn               (no ring)
MPRegen  0.1/turn               (no ring)

@: no status effects
A: negative energy resistance 1, electricity resistance, unbreathing,
petrification resistance, rot immunity, AC +4
a: no special abilities


You were on level 4 of the Dungeon.
You were very hungry.

You visited 1 branch of the dungeon, and saw 4 of its levels.

You collected 183 gold pieces.

Inventory:

Hand Weapons
 a - a +0 flail (weapon)
Armour
 b - a +0 scale mail (worn)
 c - a +0 shield (worn)
 o - a +0 pair of boots (worn)
 u - a +0 helmet (worn)
Jewellery
 e - an uncursed ring of see invisible {unknown}
 k - an uncursed amulet of guardian spirit {unknown}
Scrolls
 h - 2 scrolls of identify {unknown}
 i - 2 scrolls of teleportation {unknown}
 p - a scroll of magic mapping {unknown}
 q - a scroll of blinking {unknown}
 w - a scroll of enchant weapon {unknown}
 y - a scroll of remove curse {unknown}
Potions
 d - 3 potions of might
 g - a potion of cancellation {unknown}
 j - a potion of brilliance {unknown}
 l - 6 potions of curing {unknown}
 n - 2 potions of heal wounds {unknown}
 r - 2 potions of flight {unknown}
 s - a potion of degeneration {unknown}
 v - a potion of haste {unknown}
 x - a potion of magic {unknown}
Books
 z - a book of Conjurations

   Spells                             Type                      Level
   a - Magic Dart                     Conjuration                  1
   b - Searing Ray                    Conjuration                  2
   c - Dazzling Spray                 Conjuration/Hexes            3
   d - Fulminant Prism                Conjuration/Hexes            4
   e - Force Lance                    Conjuration/Translocation    4
   f - Iskenderun's Mystic Blast      Conjuration                  4
Comestibles
 f - 4 bread rations
 m - 3 meat rations
 t - 3 royal jellies


   Skills:
 + Level 6.5 Fighting
 - Level 2.0 Maces & Flails
 - Level 3.2 Armour
 - Level 3.2 Shields


You had 4 spell levels left.
You didn't know any spells.

Dungeon Overview and Level Annotations

Branches:
Dungeon (4/15)
 Temple: D:4-7

Altars:

Annotations:
D:4 Menkaure


Innate Abilities, Weirdness & Mutations

You are resistant to torment.
Your stone body is resilient. (AC +4)
You are immune to poison.
You resist negative energy. (rN+)
You are resistant to electric shocks. (rElec)
You can survive without breathing.
You are immune to petrification.
You are immune to rotting.


Message History

Your shield prevents you from hitting Menkaure.
Menkaure is moderately damaged.
You block Menkaure's attack.
Menkaure shouts, "Why can't you leave me to my rest?"
Menkaure hits you but does no damage.
You barely miss Menkaure.
Menkaure is moderately damaged.
Menkaure hits you!
* * * LOW HITPOINT WARNING * * *
Menkaure barely misses you.
You barely miss Menkaure.
Menkaure is moderately damaged.
Menkaure barely misses you.
You hit Menkaure.
Menkaure is moderately damaged.
Menkaure closely misses you. You block Menkaure's attack.
You barely miss Menkaure.
Menkaure is moderately damaged.
Menkaure hits you.
You die...

####.# .....##########
##............#
.#............#######+##
.#............##........
.#............##........
.#............##........
.#............##†.......
.#............##@.......
.(............##M.......
...............'........
.##.############[..../..
.##.<# ##....... .....#
.#####. .##(## .. ....#
### #####


You could see Menkaure.

Vanquished Creatures
  3 gnolls (D:3)
  4 adders
  2 oozes (D:3)
  2 worms
  5 dart slugs
  2 leopard geckos
  2 bats (D:1)
  2 giant cockroaches
  13 goblins
  9 hobgoblins
  3 jackals (D:2)
  9 kobolds
  A quokka (D:3)
  3 frilled lizards
  3 rats (D:1)
63 creatures vanquished.

Notes
Turn   | Place    | Note
-------+----------+-------------------------------------------
     0 | D:1      | Andry07 the Gargoyle Fighter began the quest for the Orb.
     0 | D:1      | Reached XP level 1. HP: 14/14 MP: 1/1
    76 | D:1      | Reached XP level 2. HP: 16/20 MP: 2/2
   123 | D:1      | Reached skill level 4 in Fighting
   421 | D:1      | Reached XP level 3. HP: 24/24 MP: 3/3
   787 | D:2      | Reached skill level 5 in Fighting
   957 | D:2      | Reached XP level 4. HP: 20/31 MP: 4/4
  1175 | D:3      | Reached skill level 6 in Fighting
  1175 | D:3      | Reached XP level 5. HP: 19/36 MP: 5/5
  2003 | D:4      | Noticed Menkaure
  2015 | D:4      | Slain by Menkaure

Skill      XL: |  1  2  3  4 |
---------------+-------------+-----
Fighting       | 4 5 6 |  6.5
Maces & Flails | |  2.0
Armour         | |  3.2
Shields        | |  3.2

Action                   |  1- 3 |  4- 6 || total
-------------------------+-------+-------++-------
Melee: Flail             |   146 |   134 ||   280
  Eat: Chunk             |     1 |     2 ||     3
Armor: Scale mail        |   130 |    78 ||   208
Dodge: Dodged            |    87 |    37 ||   124
Block: Shield            |   103 |    66 ||   169
